 Dungeon Crawl Stone Soup version 0.27.1-34-g3ba077fa99 (webtiles) character file.

Game seed: 11150489174588068509

152 Delamore the Covert (level 5, -8/34 HPs)
             Began as an Octopode Brigand on Feb 11, 2022.
             Killed by divine providence
             ... invoked by an orc priest
              (14 damage)
             ... on level 3 of the Dungeon.
             The game lasted 00:02:01 (2478 turns).

Delamore the Covert (Octopode Brigand)              Turns: 2478, Time: 00:02:01

Health: -8/34      AC:  1    Str: 10    XL:     5   Next: 34%
Magic:  5/5        EV: 12    Int: 14    God:
Gold:   70         SH:  0    Dex: 14    Spells: 4/4 levels left

rFire    . . .     SeeInvis .   a - +2 dagger
rCold    . . .     Faith    .   (no shield)
rNeg     . . .     Spirit   .   (helmet restricted)
rPois    .         Reflect  .   (no amulet)
rElec    .         Harm     .   (no ring)
rCorr    .         Rampage  .   (no ring)
Will     .....                  (no ring)
Stlth    +++++.....             (no ring)
HPRegen  0.11/turn              (no ring)
MPRegen  0.09/turn              (no ring)
                                (no ring)
                                (no ring)

@: no status effects
A: almost no armour, amphibious, 8 rings, camouflage 1, gelatinous body 1,
(nimble swimmer 1), tentacles
a: no special abilities


You were on level 3 of the Dungeon.
You visited 1 branch of the dungeon, and saw 3 of its levels.

You collected 70 gold pieces.

Inventory:

Hand Weapons
 a - a +2 dagger (weapon)
Missiles
 b - 28 poisoned darts (quivered)
Scrolls
 f - a scroll of amnesia {unknown}
 h - 2 scrolls of teleportation {unknown}
 j - a scroll of blinking {unknown}
 k - a scroll of vulnerability {unknown}
Potions
 d - 2 potions of curing {unknown}
 e - 2 potions of ambrosia {unknown}
 g - a potion of cancellation {unknown}
 i - a potion of brilliance {unknown}
 l - a potion of lignification {unknown}


   Skills:
 - Level 2.0 Fighting
 + Level 3.4 Short Blades
 - Level 2.0 Throwing
 - Level 1.0 Dodging
 * Level 8.0 Stealth


You had 4 spell levels left.
You didn't know any spells.
Your spell library contained the following spells:

 Spells                   Type           Power      Damage    Failure   Level
 Freeze                   Ice            0%         1d3       28%         1
 Summon Small Mammal      Summ           0%         N/A       28%         1
 Call Canine Familiar     Summ           0%         N/A       65%         3
 Frozen Ramparts          Ice            0%         1d2       65%         3
 Portal Projectile        Hex/Tloc       0%         N/A       65%         3
 Summon Guardian Golem    Hex/Summ       0%         N/A       65%         3
 Hailstorm                Conj/Ice       0%         3d3       96%         4
 Leda's Liquefaction      Hex/Erth       0%         N/A       96%         4


Dungeon Overview and Level Annotations

Branches:
Dungeon (3/15)

Altars:
Makhleb


Innate Abilities, Weirdness & Mutations

You cannot wear most types of armour.
You are amphibious.
You can wear up to eight rings at the same time.
Your skin changes colour to match your surroundings (Stealth+).
Your rubbery body absorbs attacks. (AC +1, EV +1)
((You are camouflaged near water. (Stealth+)))
You have tentacles for arms and can constrict up to eight enemies at once.


Message History

No target in view!
You pick up a book of Frost and begin reading...
You add the spells Freeze, Frozen Ramparts and Hailstorm to your library.
Done exploring.
Done exploring.
Done exploring.
No target in view!
You see here an adder skeleton.
There is an open door here.
An orc is nearby!
Throw: 2 darts (curare)
Press: ? - help, Q - select action, (/) - cycle Shift-Dir - straight line, f - orc priest
Aim: an orc priest, wielding a +0 dagger (wandering, hasn't noticed you, 60% to hit)
You throw a curare-tipped dart.
The curare-tipped dart barely misses the orc priest.
The orc warrior shouts!
The orc shouts!
The orc priest shouts!
Throw: dart (curare)
Press: ? - help, Q - select action, (/) - cycle Shift-Dir - straight line, f/p - orc priest
Aim: an orc priest, wielding a +0 dagger (60% to hit)
You throw a curare-tipped dart.
The curare-tipped dart closely misses the orc priest.
Throw: 30 darts (poison)
Press: ? - help, Q - select action Shift-Dir - straight line, f/p - orc priest
Aim: an orc priest, wielding a +0 dagger (60% to hit)
You throw a poisoned dart. The poisoned dart hits the orc priest.
The orc priest is poisoned.
The orc priest calls down the wrath of Beogh upon you.
Beogh smites you!
Throw: 29 darts (poison)
Press: ? - help, Q - select action Shift-Dir - straight line, f - orc warrior, p - orc priest
Aim: an orc warrior, wielding a +0 trident and wearing a +0 plate armour (60% to hit)
You throw a poisoned dart. The poisoned dart hits the orc warrior.
The orc warrior is poisoned.
The orc barely misses you.
The orc warrior hits you from afar with a +0 trident!!
Ouch! That really hurt!
* * * LOW HITPOINT WARNING * * *
The orc priest calls down the wrath of Beogh upon you.
Beogh smites you!
You die...

#.## ######.>.....# #.....# #..#
#....#.......# #.....# ##.#
#....#.......###.....# #.#
#....#.......#.......# ## #.#
#(...#.......#.#.....# .# #.#
#...o#.......#.###.#### .# #.##
#..oo#.......#.# #.....
.####÷.####....#.......#.#####...
.'............o.@............'...
.#####..##.....#...........###...
.# ##.##.....######.#.##.#..#.÷
.# #.##.##### #...##.#..### .#
#.##.# ######.#..#.# .# #.##.#
#.#..... ## #.##.# #######.#.....
#..#.# #...........## ##.#.#
##.............


You could see an orc priest (poisoned) and an orc.

Vanquished Creatures
  An iguana (D:3)
  7 adders
  An adder skeleton (D:3)
  4 dart slugs
  5 ball pythons
  4 endoplasms
  5 giant cockroaches
  A goblin (D:2)
  7 hobgoblins
  6 jackals
  A quokka (D:2)
  4 bats
  2 frilled lizards (D:1)
  3 kobolds
  3 rats (D:1)
54 creatures vanquished.

Notes
Turn   | Place    | Note
-------+----------+-------------------------------------------
     0 | D:1      | Delamore the Octopode Brigand began the quest for the Orb.
     0 | D:1      | Reached XP level 1. HP: 14/14 MP: 1/1
    46 | D:1      | Reached XP level 2. HP: 14/19 MP: 2/2
   394 | D:1      | Reached skill level 6 in Stealth
   958 | D:1      | Reached XP level 3. HP: 24/24 MP: 3/3
  1041 | D:2      | Found a faded altar of an unknown god.
  1041 | D:2      | Noticed an eye of devastation
  1177 | D:2      | Noticed a golden eye
  1230 | D:2      | Noticed a floating eye
  1231 | D:2      | Noticed a golden eye
  1617 | D:2      | Reached XP level 4. HP: 29/29 MP: 4/4
  1756 | D:3      | Reached skill level 7 in Stealth
  1891 | D:3      | Noticed an orc warrior
  2108 | D:3      | Reached XP level 5. HP: 34/34 MP: 5/5
  2350 | D:3      | Found a burning altar of Makhleb.
  2369 | D:3      | Reached skill level 8 in Stealth
  2478 | D:3      | Killed from afar by an orc priest

Illustrated notes

Levels and vault maps discovered:
D:1:      zaba_arrival_water, layout_basic
D:2:      layout_loops_ring, hellmonk_ecumenical_altar_watching_god
D:3:      layout_basic, bloody_makhleb

Skill      XL: |  1  2  3  4  5 |
---------------+----------------+-----
Stealth        | 6 7 8 |  8.0
Short Blades   | 3 |  3.4
Fighting       | |  2.0
Throwing       | |  2.0
Dodging        | |  1.0

Action                   |  1- 3 |  4- 6 || total
-------------------------+-------+-------++-------
Melee: Dagger            |    60 |    26 ||    86
       Tentacles         |    14 |     6 ||    20
       Constrict         |     9 |     5 ||    14
Throw: Dart              |       |     4 ||     4
 Stab: Sleeping          |    14 |    10 ||    24
       Distracted        |     1 |       ||     1
Armor: Skin              |     4 |     1 ||     5
Dodge: Dodged            |    21 |    10 ||    31
